 Dungeon Crawl Stone Soup version 0.20-a0-850-ge5a7832 (webtiles) character file.

23 nikopol the Caller (level 2, -3/15 HPs)
             Began as a Deep Elf Summoner on Mar 10, 2017.
             Slain by a kobold
             ... wielding a cursed -2 short sword
              (5 damage)
             ... on level 1 of the Dungeon.
             The game lasted 00:08:07 (1577 turns).

nikopol the Caller (Deep Elf Summoner)              Turns: 1577, Time: 00:08:07

Health: -3/15      AC:  2    Str:  5    XL:     2   Next: 72%
Magic:  3/8        EV: 13    Int: 19    God:
Gold:   61         SH:  0    Dex: 15    Spells: 5/8 levels left

rFire    . . .     SeeInvis .   f - +0 short sword
rCold    . . .     Gourm    .   a - +0 robe
rNeg     . . .     Faith    .   (no shield)
rPois    .         Spirit   .   (no helmet)
rElec    .         Reflect  .   (no cloak)
rCorr    .         Harm     .   (no gloves)
MR       .....                  (no boots)
Stlth    ++........             (no amulet)
Regen    0.1/turn               (no ring)
MPRegen  0.2/turn               (no ring)

@: no status effects
A: no striking features
a: no special abilities


You were on level 1 of the Dungeon.
You were very hungry.

You visited 1 branch of the dungeon, and saw 1 of its levels.

You collected 61 gold pieces.

Inventory:

Hand Weapons
 f - a +0 short sword (weapon)
 l - a +0 dagger
Armour
 a - a +0 robe (worn)
Scrolls
 d - 3 scrolls of identify {unknown}
 e - a scroll of immolation {unknown}
 i - a scroll of teleportation {unknown}
 k - a scroll of blinking {unknown}
 n - a scroll of amnesia {unknown}
 o - a scroll of enchant weapon {unknown}
Potions
 j - a potion of invisibility {unknown}
 m - a potion of flight {unknown}
 p - a potion of lignification {unknown}
Books
 b - a book of Callings

   Spells                             Type                      Level
   a - Summon Small Mammal            Summoning                    1
   b - Call Imp                       Summoning                    2
   c - Call Canine Familiar           Summoning                    3
   d - Summon Guardian Golem          Hexes/Summoning              3
   e - Summon Lightning Spire         Summoning/Air                4
   f - Summon Ice Beast               Ice/Summoning                4
Comestibles
 c - a bread ration
 g - a meat ration
 h - a royal jelly


   Skills:
 + Level 2.8 Dodging
 - Level 2.4 Stealth
 + Level 3.9 Spellcasting
 + Level 4.6 Summonings


You had 5 spell levels left.
You knew the following spells:

 Your Spells              Type           Power        Failure   Level  Hunger
a - Summon Small Mammal   Summ           ###.         1%          1    None
b - Call Imp              Summ           ###.....     3%          2    ##.....


Dungeon Overview and Level Annotations

Branches:
Dungeon (1/15)

Altars:


Message History

Casting: Call Imp
Confirm with . or Enter, or press ? or * to list all spells.
A beastly little devil appears in a puff of flame.
The kobold hits you with a short sword.
* * * LOW HITPOINT WARNING * * *
Your crimson imp blinks!
The kobold barely misses you.
Your crimson imp closely misses the kobold.
Your crimson imp blinks!
Your crimson imp closely misses the kobold.
Your crimson imp blinks!
Your crimson imp blinks!
Your crimson imp blinks!
Casting: Call Imp
Confirm with . or Enter, or press ? or * to list all spells.
A beastly little devil appears in a puff of frigid air.
Your white imp says, "You called?"
Your crimson imp blinks!
The kobold hits you with a short sword.
You die...

#.# ###########.##
.............#
.####.##.##..# .#
##.##.##..# .#
#......#..#
.###(.##..#..#
.....(.......########
####..###..ยง..5K@...#
####.(.......######.#
.....######.## #.#
###### #.# #.########
# #.# #........# ##'##
#..#####.# ##...##
#.....##.# ###
##.....## ##.##.##.#
..## ##.......##
#..#.##.#


You could see a kobold and a friendly white imp.

Vanquished Creatures
  An ooze (D:1)
  A dart slug (D:1)
2 creatures vanquished.

Vanquished Creatures (collateral kills)
  A dart slug (D:1)
  2 bats (D:1)
  2 goblins (D:1)
  7 hobgoblins (D:1)
  6 jackals (D:1)
  3 kobolds (D:1)
  4 rats (D:1)
25 creatures vanquished.

Grand Total: 27 creatures vanquished

Notes
Turn   | Place    | Note
-------+----------+-------------------------------------------
     0 | D:1      | nikopol the Deep Elf Summoner began the quest for the Orb.
     0 | D:1      | Reached XP level 1. HP: 10/10 MP: 6/6
   577 | D:1      | Reached XP level 2. HP: 15/15 MP: 3/8
   581 | D:1      | Learned a level 2 spell: Call Imp
  1577 | D:1      | Slain by a kobold

Vault maps used:
D:1:      minmay_arrival_wavy_path

Action                   || total
-------------------------++-------
Melee: Unarmed           ||     8
       Dagger            ||    17
       Short sword       ||     4
 Cast: Summon Small Mamm ||    19
       Call Imp          ||    11
  Eat: Chunk             ||     1
Armor: Robe              ||     7
Dodge: Dodged            ||    46
